Colorado Rockies vs Vancouver Canucks
Created - Monday, November 11, 2024 at 08:56
Goals
|
| Colorado Rockies |
0 |
1 |
1 |
0 |
1 |
3 |
| Vancouver Canucks |
0 |
1 |
1 |
0 |
0 |
2 |
|
Shots
|
| Colorado Rockies |
9 |
9 |
10 |
2 |
3 |
30 |
| Vancouver Canucks |
7 |
14 |
17 |
0 |
3 |
38 |
|
1st period
No Goal
Penalties :
Miro Heiskanen (VAN) for High sticking (Minor) at 4:32
2nd period
1. Colorado Rockies , Nikita Kucherov 37 (Ryan O'Reilly 42, Nikita Zadorov 15) at 2:58 (PP)
2. Vancouver Canucks , Anton Lundell 10 (Noah Hanifin 23) at 16:14
Penalties :
Mikko Rantanen (VAN) for Interference (Minor) at 2:46, Jesper Bratt (COL) for Tripping (Minor) at 4:01, Vince Dunn (COL) for Tripping (Minor) at 17:50
3rd period
3. Vancouver Canucks , Robby Fabbri 9 (Emil Martinsen Lilleberg 10) at 4:47
4. Colorado Rockies , Jesper Bratt 28 (Nikita Kucherov 39) at 10:19 (PP)
Penalties :
Jacob Bernard-Docker (VAN) for Roughing (Minor) at 9:44, Nick Bonino (COL) for Cross-checking (Minor) at 16:04
Overtime #1
No Goal
Penalties :
No Penalty
Shootout
Colorado Rockies, Nikita Kucherov - Stopped by Joonas Korpisalo
Vancouver Canucks, Aleksander Barkov - Shot Misses the Net
Colorado Rockies, David Pastrnak - Stopped by Joonas Korpisalo
Vancouver Canucks, Mikko Rantanen - Stopped by Joey Daccord
Colorado Rockies, Nick Bonino - Goal!
Vancouver Canucks, Clayton Keller - Shot Misses the Net
Penalties :
No Penalty
Goalie Stats
Joey Daccord (COL), 36 saves from 38 shots - (0.947), W, 16-18-5, 65:00 minutes
Joonas Korpisalo (VAN), 28 saves from 30 shots - (0.933), OTL, 13-10-7, 65:00 minutes
Players Stats for Colorado Rockies
Player Name G A P +/- PIM S H SB GA TA FO MP PP MP PK MP
------------------------------------------------------------------------------------
Andrew Peeke 0 0 0 -1 0 0 2 3 0 1 0/0 16:02 0:00 0:00
David Pastrnak 0 0 0 0 0 4 1 0 1 1 4/16 21:14 1:25 2:39
Evgeny Kuznetsov 0 0 0 -1 0 0 2 0 0 0 1/1 8:02 0:00 0:00
Jakub Vrana 0 0 0 -1 0 0 0 0 0 0 0/0 8:02 0:00 0:00
Jesper Bratt 1 0 1 -1 2 5 1 2 0 2 0/1 20:08 1:21 2:05
Kevin Hayes 0 0 0 -1 0 0 0 0 0 0 2/2 8:57 0:00 0:00
Kyle Connor 0 0 0 0 0 2 2 0 1 0 0/0 17:51 1:25 0:55
Kyle Palmieri 0 0 0 -1 0 2 3 0 0 0 1/2 14:34 0:00 0:00
Martin Fehervary 0 0 0 0 0 0 3 2 0 0 0/0 23:58 1:46 2:41
Michael Bunting 0 0 0 0 0 1 2 1 1 1 0/0 13:37 0:00 0:00
Nick Bonino 0 0 0 0 2 1 1 0 0 0 1/1 15:29 1:25 0:00
Nick Schmaltz 0 0 0 0 0 1 1 0 0 0 4/10 13:51 0:00 0:06
Nikita Kucherov 1 1 2 0 0 6 0 1 1 0 4/9 21:40 1:21 3:03
Nikita Zadorov 0 1 1 0 0 1 4 4 0 0 0/0 23:58 1:46 2:41
Quinn Hughes 0 0 0 -1 0 2 1 0 1 1 0/0 24:46 1:00 3:16
Ryan O'Reilly 0 1 1 -1 0 1 2 0 0 1 8/14 20:55 1:21 3:06
Victor Hedman 0 0 0 -1 0 1 0 1 0 2 0/0 24:46 1:00 3:16
Vince Dunn 0 0 0 -1 2 3 1 2 0 1 0/0 16:10 0:00 0:00
Players Stats for Vancouver Canucks
Player Name G A P +/- PIM S H SB GA TA FO MP PP MP PK MP
------------------------------------------------------------------------------------
Aleksander Barkov 0 0 0 0 0 2 2 0 1 0 14/23 20:52 3:15 1:18
Anton Lundell 1 0 1 1 0 4 0 0 1 0 3/8 15:19 0:15 1:18
Artturi Lehkonen 0 0 0 1 0 4 4 2 1 0 0/1 18:12 2:27 1:20
Casey Mittelstadt 0 0 0 0 0 1 3 0 1 0 12/16 19:49 2:42 0:08
Clayton Keller 0 0 0 0 0 5 3 0 0 0 0/1 19:48 3:01 0:00
Emil Martinsen Lilleberg 0 1 1 1 0 0 1 1 0 2 0/0 21:10 2:50 2:08
Jacob Bernard-Docker 0 0 0 1 2 0 0 1 0 1 0/0 14:59 0:00 0:50
Jake Bean 0 0 0 0 0 2 0 0 1 1 0/0 20:13 2:32 0:00
Jesperi Kotkaniemi 0 0 0 1 0 1 0 3 1 0 0/2 10:04 0:00 0:10
Justin Schultz 0 0 0 0 0 1 0 1 0 0 0/0 16:29 0:18 1:21
Kasperi Kapanen 0 0 0 0 0 0 3 0 0 0 1/1 14:08 0:00 0:00
Matias Maccelli 0 0 0 0 0 1 0 0 1 0 0/1 15:34 0:32 0:00
Mikko Rantanen 0 0 0 0 2 4 1 0 1 0 1/1 20:00 3:15 0:00
Miro Heiskanen 0 0 0 1 2 2 5 5 0 0 0/0 27:52 3:07 0:00
Noah Hanifin 0 1 1 1 0 4 1 4 0 0 0/0 28:49 3:07 1:13
Robby Fabbri 1 0 1 1 0 2 1 0 2 0 0/0 8:11 0:00 0:00
Taylor Raddysh 0 0 0 1 0 4 1 0 0 1 0/2 15:58 2:24 0:00
Ty Dellandrea 0 0 0 1 0 1 2 0 0 0 0/0 9:44 0:00 1:18
3 Stars
1 - Joey Daccord (COL)
2 - Nikita Kucherov (COL)
3 - Nikita Zadorov (COL)
Power Play
Colorado Rockies - 2 on 3 Attempt(s) - 66.67%
Vancouver Canucks - 0 on 3 Attempt(s) - 0.00%
Penalty Kill
Colorado Rockies - 3 on 3 Attempt(s) - 100.00%
- Score 0 goal in Penalty Kill
Vancouver Canucks - 1 on 3 Attempt(s) - 33.33%
- Score 0 goal in Penalty Kill
Team Stat
Colorado Rockies - Hits : 26 - Faceoff Wins : 25 - Blocked Shots : 16 - Penalty Minutes : 6
Vancouver Canucks - Hits : 27 - Faceoff Wins : 31 - Blocked Shots : 17 - Penalty Minutes : 6
Official
Referees : Conor O'Donnell and Furman South
Linesman : Trent Knorr and Justin Johnson
Game Notes
No Game Note
Finance
Level 1 -- Attendance: 4775 (79.58%) -- Ticket Income $472,725
Level 2 -- Attendance: 3385 (67.70%) -- Ticket Income $199,715
Level 3 -- Attendance: 2327 (77.57%) -- Ticket Income $79,118
Level 4 -- Attendance: 3632 (72.64%) -- Ticket Income $87,168
Luxury Box -- Attendance: 737 (73.70%) -- Ticket Income $146,663
Game was played at the Rogers Arena.
Total Attendance: 14856 (74.28%)
Total Ticket Income: $985,389
Other Income: $344,886
Total Income: $1,330,275
Colorado Rockies
5 vs 5 Forward
Center Left Wing Right Wing Time % Phy DF OF
1 David Pastrnak Kyle Connor Nikita Kucherov 30 1 2 2
2 Ryan O'Reilly Jesper Bratt Kyle Palmieri 30 1 2 2
3 Nick Schmaltz Michael Bunting Nick Bonino 25 1 2 2
4 Evgeny Kuznetsov Kevin Hayes Jakub Vrana 15 1 2 2
5 vs 5 Defense
Defense Defense Time % Phy DF OF
1 Victor Hedman Quinn Hughes 35 1 2 2
2 Nikita Zadorov Martin Fehervary 35 1 2 2
3 Vince Dunn Andrew Peeke 30 1 2 2
4 Victor Hedman Quinn Hughes 0 1 2 2
PowerPlay Forward
Center Left Wing Right Wing Time % Phy DF OF
1 Ryan O'Reilly Jesper Bratt Nikita Kucherov 50 1 2 2
2 Nick Bonino Kyle Connor David Pastrnak 50 1 2 2
PowerPlay Defense
Defense Defense Time % Phy DF OF
1 Victor Hedman Quinn Hughes 50 1 2 2
2 Nikita Zadorov Martin Fehervary 50 1 2 2
Penalty Kill 4 Players Forward
Center Wing Time % Phy DF OF
1 Nikita Kucherov David Pastrnak 50 1 2 2
2 Ryan O'Reilly Jesper Bratt 50 1 2 2
Penalty Kill 4 Players Defense
Defense Defense Time % Phy DF OF
1 Victor Hedman Quinn Hughes 50 1 2 2
2 Nikita Zadorov Martin Fehervary 50 1 2 2
Penalty Kill - 3 Players Forward
Forward Time % Phy DF OF
1 Nikita Kucherov 50 1 2 2
2 David Pastrnak 50 1 2 2
Penalty Kill - 3 Players Defense
Defense Defense Time % Phy DF OF
1 Victor Hedman Quinn Hughes 50 1 2 2
2 Nikita Zadorov Martin Fehervary 50 1 2 2
4 vs 4 Forward
Center Wing Time % Phy DF OF
1 Nikita Kucherov David Pastrnak 50 1 2 2
2 Ryan O'Reilly Jesper Bratt 50 1 2 2
4 vs 4 Defense
Defense Defense Time % Phy DF OF
1 Victor Hedman Quinn Hughes 50 1 2 2
2 Nikita Zadorov Martin Fehervary 50 1 2 2
Last Minutes Offensive
Center Left Wing Right Wing Defense Defense
Ryan O'Reilly Jesper Bratt Nikita Kucherov Victor Hedman Quinn Hughes
Last Minutes Defensive
Center Left Wing Right Wing Defense Defense
Ryan O'Reilly Jesper Bratt Nikita Kucherov Victor Hedman Quinn Hughes
Goaltenders
Starting : Joey Daccord
Backup : Daniil Tarasov
Extra Forwards
Normal : Nick Bonino, Kevin Hayes, Nikita Kucherov - PP : Nick Bonino, Kevin Hayes - PK : Nikita Kucherov
Extra Defensemen
Normal : Vince Dunn, Andrew Peeke, Nikita Zadorov - PP : Vince Dunn - PK : Andrew Peeke, Nikita Zadorov
Penalty Shots
Nikita Kucherov, David Pastrnak, Nick Bonino, Jesper Bratt, Ryan O'Reilly
Scratches
Tim Stutzle (Sore Right Knee Injury)
Vancouver Canucks
5 vs 5 Forward
Center Left Wing Right Wing Time % Phy DF OF
1 Casey Mittelstadt Clayton Keller Mikko Rantanen 30 1 2 2
2 Aleksander Barkov Matias Maccelli Kasperi Kapanen 30 1 2 2
3 Anton Lundell Artturi Lehkonen Taylor Raddysh 25 1 2 2
4 Jesperi Kotkaniemi Robby Fabbri Ty Dellandrea 15 1 2 2
5 vs 5 Defense
Defense Defense Time % Phy DF OF
1 Noah Hanifin Miro Heiskanen 30 1 2 2
2 Jake Bean Justin Schultz 30 1 2 2
3 Emil Martinsen Lilleberg Jacob Bernard-Docker 25 1 2 2
4 Noah Hanifin Miro Heiskanen 15 1 2 2
PowerPlay Forward
Center Left Wing Right Wing Time % Phy DF OF
1 Aleksander Barkov Clayton Keller Mikko Rantanen 50 1 2 2
2 Casey Mittelstadt Artturi Lehkonen Taylor Raddysh 50 1 2 2
PowerPlay Defense
Defense Defense Time % Phy DF OF
1 Noah Hanifin Miro Heiskanen 50 1 2 2
2 Jake Bean Emil Martinsen Lilleberg 50 1 2 2
Penalty Kill 4 Players Forward
Center Wing Time % Phy DF OF
1 Aleksander Barkov Ty Dellandrea 50 1 2 2
2 Anton Lundell Artturi Lehkonen 50 1 2 2
Penalty Kill 4 Players Defense
Defense Defense Time % Phy DF OF
1 Noah Hanifin Jacob Bernard-Docker 50 1 2 2
2 Emil Martinsen Lilleberg Miro Heiskanen 50 1 2 2
Penalty Kill - 3 Players Forward
Forward Time % Phy DF OF
1 Aleksander Barkov 50 1 2 2
2 Ty Dellandrea 50 1 2 2
Penalty Kill - 3 Players Defense
Defense Defense Time % Phy DF OF
1 Noah Hanifin Jacob Bernard-Docker 50 1 2 2
2 Emil Martinsen Lilleberg Miro Heiskanen 50 1 2 2
4 vs 4 Forward
Center Wing Time % Phy DF OF
1 Casey Mittelstadt Mikko Rantanen 50 1 2 2
2 Aleksander Barkov Clayton Keller 50 1 2 2
4 vs 4 Defense
Defense Defense Time % Phy DF OF
1 Noah Hanifin Miro Heiskanen 50 1 2 2
2 Jake Bean Emil Martinsen Lilleberg 50 1 2 2
Last Minutes Offensive
Center Left Wing Right Wing Defense Defense
Aleksander Barkov Clayton Keller Mikko Rantanen Noah Hanifin Miro Heiskanen
Last Minutes Defensive
Center Left Wing Right Wing Defense Defense
Aleksander Barkov Clayton Keller Mikko Rantanen Noah Hanifin Miro Heiskanen
Goaltenders
Starting : Joonas Korpisalo
Backup : Justus Annunen
Extra Forwards
Normal : Matias Maccelli, Mikko Rantanen, Jesperi Kotkaniemi - PP : Matias Maccelli, Anton Lundell - PK : Jesperi Kotkaniemi
Extra Defensemen
Normal : Jake Bean, Miro Heiskanen, Emil Martinsen Lilleberg - PP : Jake Bean - PK : Noah Hanifin, Emil Martinsen Lilleberg
Penalty Shots
Aleksander Barkov, Mikko Rantanen, Clayton Keller, Artturi Lehkonen, Casey Mittelstadt
Scratches
Adam Boqvist (Left Foot Injury), Jesse Ylonen (Healthy), Jacob Bryson (Healthy), Nathan Smith (Healthy), Ville Husso (Healthy)
% Time on Ice - Colorado Rockies
Lines # - Real PCT - Wanted PCT - Time Play
Normal Forward
1 - 29% - 30% - 15:06
2 - 28% - 30% - 14:32
3 - 27% - 25% - 13:37
4 - 16% - 15% - 8:02
Normal Defense
1 - 36% - 35% - 18:37
2 - 34% - 35% - 17:22
3 - 30% - 30% - 15:18
4 - 0% - 0% - 0:00
PP Forward
1 - 49% - 50% - 1:21
2 - 51% - 50% - 1:25
PP Defense
1 - 36% - 50% - 1:00
2 - 64% - 50% - 1:46
PK Forward
1 - 46% - 50% - 2:46
2 - 54% - 50% - 3:11
PK Defense
1 - 55% - 50% - 3:16
2 - 45% - 50% - 2:41
PK3 Forward
1 - 0% - 50%
2 - 0% - 50%
PK3 Defense
1 - 0% - 50%
2 - 0% - 50%
44 Forward
1 - 45% - 50% - 2:14
2 - 55% - 50% - 2:46
44 Defense
1 - 53% - 50% - 2:40
2 - 47% - 50% - 2:20
Last Minute Offensive - 0:00
Last Minute Defensive - 0:00
Total
Forward - 65:00
Defense - 65:00
|
% Time on Ice - Vancouver Canucks
Lines # - Real PCT - Wanted PCT - Time Play
Normal Forward
1 - 29% - 30% - 15:06
2 - 28% - 30% - 14:32
3 - 26% - 25% - 13:28
4 - 16% - 15% - 8:11
Normal Defense
1 - 31% - 30% - 15:55
2 - 30% - 30% - 15:19
3 - 27% - 25% - 13:38
4 - 13% - 15% - 6:25
PP Forward
1 - 55% - 50% - 3:15
2 - 45% - 50% - 2:42
PP Defense
1 - 52% - 50% - 3:07
2 - 48% - 50% - 2:50
PK Forward
1 - 52% - 50% - 1:26
2 - 48% - 50% - 1:20
PK Defense
1 - 51% - 50% - 1:25
2 - 49% - 50% - 1:21
PK3 Forward
1 - 0% - 50%
2 - 0% - 50%
PK3 Defense
1 - 0% - 50%
2 - 0% - 50%
44 Forward
1 - 51% - 50% - 2:32
2 - 49% - 50% - 2:28
44 Defense
1 - 49% - 50% - 2:26
2 - 51% - 50% - 2:34
Last Minute Offensive - 0:00
Last Minute Defensive - 0:00
Total
Forward - 65:00
Defense - 65:00
|
Play-by-Play
1st period
0:01 of 1st period - Casey Mittelstadt wins face-off versus David Pastrnak in neutral zone.
0:52 of 1st period - Artturi Lehkonen is hit by Martin Fehervary and loses puck.
2:13 of 1st period - Emil Martinsen Lilleberg is hit by Jesper Bratt.
2:33 of 1st period - Snap shot by Kyle Connor.
2:33 of 1st period - Shot Blocked by Miro Heiskanen.
2:35 of 1st period - Snap shot by Andrew Peeke.
2:35 of 1st period - Shot Blocked by Jesperi Kotkaniemi.
2:37 of 1st period - Slapshot by David Pastrnak.
2:37 of 1st period - Shot Misses the Net.
2:39 of 1st period - Snap shot by Kyle Connor.
2:39 of 1st period - Shot Blocked by Noah Hanifin.
2:41 of 1st period - Snap shot by David Pastrnak.
2:41 of 1st period - Shot Misses the Net.
2:43 of 1st period - Snap shot by Andrew Peeke.
2:43 of 1st period - Deflect By Nikita Kucherov.
2:43 of 1st period - Stopped by Joonas Korpisalo with a rebound.
2:55 of 1st period - Backhand shot by Mikko Rantanen.
2:55 of 1st period - Shot Blocked by Victor Hedman.
2:57 of 1st period - Slapshot by Noah Hanifin.
2:57 of 1st period - Stopped by Joey Daccord without a rebound.
2:58 of 1st period - Casey Mittelstadt wins face-off versus Nick Schmaltz in Colorado Rockies zone.
3:10 of 1st period - Icing by Michael Bunting.
3:11 of 1st period - Nick Schmaltz wins face-off versus Aleksander Barkov in Colorado Rockies zone.
3:11 of 1st period - Nick Schmaltz is hit by Miro Heiskanen.
3:17 of 1st period - Slapshot by Michael Bunting.
3:17 of 1st period - Shot Misses the Net.
3:19 of 1st period - Backhand shot by Nick Bonino.
3:19 of 1st period - Stopped by Joonas Korpisalo without a rebound.
3:20 of 1st period - Ryan O'Reilly wins face-off versus Aleksander Barkov in Vancouver Canucks zone.
3:21 of 1st period - Snap shot by Jesper Bratt.
3:21 of 1st period - Stopped by Joonas Korpisalo with a rebound.
3:35 of 1st period - Nikita Zadorov is hit by Miro Heiskanen and loses puck.
4:24 of 1st period - Slapshot by Quinn Hughes.
4:24 of 1st period - Shot Blocked by Artturi Lehkonen.
4:32 of 1st period - Minor Penalty to Miro Heiskanen for High sticking.
4:33 of 1st period - Nikita Kucherov wins face-off versus Anton Lundell in Vancouver Canucks zone.
4:46 of 1st period - Snap shot by Nikita Kucherov.
4:46 of 1st period - Shot Misses the Net.
5:00 of 1st period - Anton Lundell is hit by Kyle Connor and loses puck.
6:05 of 1st period - Emil Martinsen Lilleberg is hit by Martin Fehervary and loses puck.
6:32 of 1st period - Penalty to Miro Heiskanen is over, Miro Heiskanen is back on ice.
6:38 of 1st period - Snap shot by Artturi Lehkonen.
6:38 of 1st period - Stopped by Joey Daccord with a rebound.
6:52 of 1st period - Snap shot by Evgeny Kuznetsov.
6:52 of 1st period - Shot Blocked by Noah Hanifin.
7:02 of 1st period - Andrew Peeke is hit by Mikko Rantanen and loses puck.
7:45 of 1st period - Nick Schmaltz is hit by Clayton Keller and loses puck.
8:02 of 1st period - Kasperi Kapanen is hit by Quinn Hughes and loses puck.
8:15 of 1st period - Ty Dellandrea is hit by David Pastrnak and loses puck.
8:30 of 1st period - Kyle Palmieri is hit by Artturi Lehkonen and loses puck.
8:52 of 1st period - Emil Martinsen Lilleberg is hit by Nikita Zadorov and loses puck.
9:09 of 1st period - Jake Bean is hit by Evgeny Kuznetsov and loses puck.
10:10 of 1st period - Anton Lundell is hit by Nick Bonino and loses puck.
10:32 of 1st period - Jesperi Kotkaniemi is hit by Vince Dunn and loses puck.
10:45 of 1st period - Snap shot by Mikko Rantanen.
10:45 of 1st period - Shot Misses the Net.
10:47 of 1st period - Slapshot by Jacob Bernard-Docker.
10:47 of 1st period - Deflect By Mikko Rantanen.
10:47 of 1st period - Stopped by Joey Daccord with a rebound.
10:49 of 1st period - Wrist shot by Casey Mittelstadt.
10:49 of 1st period - Stopped by Joey Daccord without a rebound.
10:50 of 1st period - Aleksander Barkov wins face-off versus Ryan O'Reilly in Colorado Rockies zone.
11:02 of 1st period - Wrist shot by Jesper Bratt.
11:02 of 1st period - Deflect By Ryan O'Reilly.
11:02 of 1st period - Stopped by Joonas Korpisalo with a rebound.
11:04 of 1st period - Slapshot by Nikita Zadorov.
11:04 of 1st period - Stopped by Joonas Korpisalo without a rebound.
11:05 of 1st period - Anton Lundell wins face-off versus David Pastrnak in Vancouver Canucks zone.
11:11 of 1st period - Wrist shot by Nikita Kucherov.
11:11 of 1st period - Stopped by Joonas Korpisalo with a rebound.
11:13 of 1st period - Backhand shot by David Pastrnak.
11:13 of 1st period - Deflect By Kyle Connor.
11:13 of 1st period - Stopped by Joonas Korpisalo without a rebound.
11:14 of 1st period - David Pastrnak wins face-off versus Taylor Raddysh in Vancouver Canucks zone.
11:21 of 1st period - Snap shot by Kyle Connor.
11:21 of 1st period - Stopped by Joonas Korpisalo with a rebound.
11:23 of 1st period - Slapshot by Nikita Zadorov.
11:23 of 1st period - Shot Blocked by Artturi Lehkonen.
11:31 of 1st period - Wrist shot by Anton Lundell.
11:31 of 1st period - Shot Misses the Net.
11:41 of 1st period - Snap shot by Nikita Kucherov.
11:41 of 1st period - Shot Misses the Net.
12:32 of 1st period - Slapshot by Artturi Lehkonen.
12:32 of 1st period - Shot Blocked by Nikita Kucherov.
12:38 of 1st period - Taylor Raddysh is hit by Martin Fehervary and loses puck.
12:53 of 1st period - Wrist shot by Anton Lundell.
12:53 of 1st period - Shot Misses the Net.
13:03 of 1st period - Emil Martinsen Lilleberg is hit by Nikita Zadorov and loses puck.
13:26 of 1st period - Snap shot by Artturi Lehkonen.
13:26 of 1st period - Stopped by Joey Daccord with a rebound.
13:34 of 1st period - Slapshot by Nikita Kucherov.
13:34 of 1st period - Stopped by Joonas Korpisalo without a rebound.
13:35 of 1st period - Ryan O'Reilly wins face-off versus Casey Mittelstadt in Vancouver Canucks zone.
14:31 of 1st period - Snap shot by Kevin Hayes.
14:31 of 1st period - Shot Misses the Net.
14:47 of 1st period - Jesper Bratt is hit by Casey Mittelstadt.
14:53 of 1st period - Justin Schultz is hit by Andrew Peeke and loses puck.
15:17 of 1st period - Slapshot by Robby Fabbri.
15:17 of 1st period - Shot Blocked by Andrew Peeke.
15:48 of 1st period - Miro Heiskanen is hit by Kyle Palmieri and loses puck.
17:16 of 1st period - Icing by Aleksander Barkov.
17:17 of 1st period - Aleksander Barkov wins face-off versus Ryan O'Reilly in Vancouver Canucks zone.
17:22 of 1st period - Jesper Bratt is hit by Ty Dellandrea and loses puck.
17:38 of 1st period - Quinn Hughes is hit by Casey Mittelstadt and loses puck.
17:49 of 1st period - Michael Bunting is hit by Kasperi Kapanen and loses puck.
18:16 of 1st period - Snap shot by Evgeny Kuznetsov.
18:16 of 1st period - Shot Misses the Net.
18:18 of 1st period - Wrist shot by Kevin Hayes.
18:18 of 1st period - Shot Blocked by Miro Heiskanen.
19:52 of 1st period - Nick Schmaltz is hit by Robby Fabbri and loses puck.
19:57 of 1st period - Snap shot by Jesperi Kotkaniemi.
19:57 of 1st period - Stopped by Joey Daccord with a rebound.
19:59 of 1st period - Snap shot by Ty Dellandrea.
19:59 of 1st period - Stopped by Joey Daccord without a rebound.
Goals for this period are 0 for Colorado Rockies vs 0 for Vancouver Canucks.
Shots for this period are 9 for Colorado Rockies vs 7 for Vancouver Canucks.
2nd period
0:01 of 2nd period - Ryan O'Reilly wins face-off versus Casey Mittelstadt in neutral zone.
0:04 of 2nd period - Snap shot by Kyle Palmieri.
0:04 of 2nd period - Deflect By Ryan O'Reilly.
0:04 of 2nd period - Shot Blocked by Noah Hanifin.
0:04 of 2nd period - Puck is out of play.
0:05 of 2nd period - Casey Mittelstadt wins face-off versus Ryan O'Reilly in Vancouver Canucks zone.
0:35 of 2nd period - Icing by Kyle Palmieri.
0:36 of 2nd period - Ryan O'Reilly wins face-off versus Anton Lundell in Colorado Rockies zone.
1:13 of 2nd period - Backhand shot by Ryan O'Reilly.
1:13 of 2nd period - Deflect By Kyle Palmieri.
1:13 of 2nd period - Stopped by Joonas Korpisalo without a rebound.
1:14 of 2nd period - Aleksander Barkov wins face-off versus David Pastrnak in Vancouver Canucks zone.
2:24 of 2nd period - Clayton Keller is hit by Kyle Connor.
2:46 of 2nd period - Minor Penalty to Mikko Rantanen for Interference.
2:47 of 2nd period - Aleksander Barkov wins face-off versus Ryan O'Reilly in Vancouver Canucks zone.
2:58 of 2nd period - Snap shot by Nikita Kucherov.
2:58 of 2nd period - Goal by Nikita Kucherov - Colorado Rockies : 1 - Vancouver Canucks : 0.
2:59 of 2nd period - Aleksander Barkov wins face-off versus Ryan O'Reilly in neutral zone.
3:30 of 2nd period - Off-side.
3:31 of 2nd period - David Pastrnak wins face-off versus Casey Mittelstadt in neutral zone.
3:36 of 2nd period - Snap shot by Nikita Kucherov.
3:36 of 2nd period - Shot Misses the Net.
3:38 of 2nd period - Slapshot by Martin Fehervary.
3:38 of 2nd period - Shot Misses the Net.
3:40 of 2nd period - Wrist shot by Nikita Kucherov.
3:40 of 2nd period - Stopped by Joonas Korpisalo without a rebound.
3:41 of 2nd period - David Pastrnak wins face-off versus Aleksander Barkov in Vancouver Canucks zone.
3:44 of 2nd period - Wrist shot by Nikita Kucherov.
3:44 of 2nd period - Stopped by Joonas Korpisalo without a rebound.
3:45 of 2nd period - Ryan O'Reilly wins face-off versus Aleksander Barkov in Vancouver Canucks zone.
3:50 of 2nd period - Wrist shot by Ryan O'Reilly.
3:50 of 2nd period - Shot Misses the Net.
3:52 of 2nd period - Wrist shot by Kyle Palmieri.
3:52 of 2nd period - Shot Misses the Net.
4:01 of 2nd period - Minor Penalty to Jesper Bratt for Tripping.
4:02 of 2nd period - Aleksander Barkov wins face-off versus Nikita Kucherov in Colorado Rockies zone.
4:06 of 2nd period - Slapshot by Mikko Rantanen.
4:06 of 2nd period - Stopped by Joey Daccord with a rebound.
4:08 of 2nd period - Wrist shot by Mikko Rantanen.
4:08 of 2nd period - Deflect By Clayton Keller.
4:08 of 2nd period - Stopped by Joey Daccord with a rebound.
4:10 of 2nd period - Slapshot by Miro Heiskanen.
4:10 of 2nd period - Stopped by Joey Daccord without a rebound.
4:11 of 2nd period - Nikita Kucherov wins face-off versus Aleksander Barkov in Colorado Rockies zone.
4:46 of 2nd period - Wrist shot by Clayton Keller.
4:46 of 2nd period - Shot Misses the Net.
5:00 of 2nd period - Wrist shot by Artturi Lehkonen.
5:00 of 2nd period - Shot Misses the Net.
5:02 of 2nd period - Wrist shot by Casey Mittelstadt.
5:02 of 2nd period - Shot Misses the Net.
5:04 of 2nd period - Slapshot by Noah Hanifin.
5:04 of 2nd period - Shot Misses the Net.
5:06 of 2nd period - Slapshot by Noah Hanifin.
5:06 of 2nd period - Deflect By Martin Fehervary.
5:06 of 2nd period - Stopped by Joey Daccord with a rebound.
5:08 of 2nd period - Snap shot by Taylor Raddysh.
5:08 of 2nd period - Shot Blocked by Nikita Zadorov.
5:10 of 2nd period - Wrist shot by Miro Heiskanen.
5:10 of 2nd period - Shot Blocked by Martin Fehervary.
5:12 of 2nd period - Snap shot by Taylor Raddysh.
5:12 of 2nd period - Stopped by Joey Daccord without a rebound.
5:13 of 2nd period - Casey Mittelstadt wins face-off versus Nikita Kucherov in Colorado Rockies zone.
6:01 of 2nd period - Penalty to Jesper Bratt is over, Jesper Bratt is back on ice.
6:27 of 2nd period - Jake Bean is hit by Andrew Peeke and loses puck.
6:32 of 2nd period - Wrist shot by Michael Bunting.
6:32 of 2nd period - Stopped by Joonas Korpisalo without a rebound.
6:33 of 2nd period - David Pastrnak wins face-off versus Clayton Keller in Vancouver Canucks zone.
6:44 of 2nd period - Snap shot by Clayton Keller.
6:44 of 2nd period - Stopped by Joey Daccord without a rebound.
6:45 of 2nd period - Kasperi Kapanen wins face-off versus David Pastrnak in Colorado Rockies zone.
6:56 of 2nd period - Slapshot by Aleksander Barkov.
6:56 of 2nd period - Shot Misses the Net.
7:40 of 2nd period - Quinn Hughes is hit by Ty Dellandrea and loses puck.
7:49 of 2nd period - Snap shot by Robby Fabbri.
7:49 of 2nd period - Shot Misses the Net.
7:51 of 2nd period - Slapshot by Emil Martinsen Lilleberg.
7:51 of 2nd period - Deflect By Jesperi Kotkaniemi.
7:51 of 2nd period - Shot Misses the Net.
7:51 of 2nd period - Puck is out of play.
7:52 of 2nd period - Aleksander Barkov wins face-off versus Jesper Bratt in Colorado Rockies zone.
7:55 of 2nd period - Snap shot by Matias Maccelli.
7:55 of 2nd period - Shot Misses the Net.
8:01 of 2nd period - Backhand shot by Jesper Bratt.
8:01 of 2nd period - Stopped by Joonas Korpisalo with a rebound.
8:09 of 2nd period - Wrist shot by Kyle Palmieri.
8:09 of 2nd period - Stopped by Joonas Korpisalo without a rebound.
8:10 of 2nd period - Nick Schmaltz wins face-off versus Taylor Raddysh in Vancouver Canucks zone.
8:13 of 2nd period - Wrist shot by Nick Schmaltz.
8:13 of 2nd period - Shot Blocked by Noah Hanifin.
9:00 of 2nd period - Clayton Keller is hit by Evgeny Kuznetsov and loses puck.
9:53 of 2nd period - Jesper Bratt is hit by Kasperi Kapanen and loses puck.
10:42 of 2nd period - Snap shot by Clayton Keller.
10:42 of 2nd period - Stopped by Joey Daccord without a rebound.
10:43 of 2nd period - Mikko Rantanen wins face-off versus Nick Schmaltz in Colorado Rockies zone.
11:02 of 2nd period - Snap shot by Clayton Keller.
11:02 of 2nd period - Stopped by Joey Daccord without a rebound.
11:03 of 2nd period - Ryan O'Reilly wins face-off versus Artturi Lehkonen in Colorado Rockies zone.
11:35 of 2nd period - Wrist shot by Matias Maccelli.
11:35 of 2nd period - Deflect By Aleksander Barkov.
11:35 of 2nd period - Shot Misses the Net.
11:35 of 2nd period - Puck is out of play.
11:36 of 2nd period - Nick Schmaltz wins face-off versus Aleksander Barkov in Colorado Rockies zone.
11:36 of 2nd period - Nick Schmaltz is hit by Miro Heiskanen.
12:12 of 2nd period - Snap shot by David Pastrnak.
12:12 of 2nd period - Stopped by Joonas Korpisalo without a rebound.
12:13 of 2nd period - Kyle Palmieri wins face-off versus Anton Lundell in Vancouver Canucks zone.
12:22 of 2nd period - Snap shot by Taylor Raddysh.
12:22 of 2nd period - Shot Misses the Net.
12:24 of 2nd period - Slapshot by Artturi Lehkonen.
12:24 of 2nd period - Shot Misses the Net.
12:26 of 2nd period - Snap shot by Artturi Lehkonen.
12:26 of 2nd period - Shot Blocked by Vince Dunn.
12:42 of 2nd period - Wrist shot by Mikko Rantanen.
12:42 of 2nd period - Stopped by Joey Daccord with a rebound.
13:00 of 2nd period - Wrist shot by Nick Schmaltz.
13:00 of 2nd period - Shot Misses the Net.
13:02 of 2nd period - Slapshot by Vince Dunn.
13:02 of 2nd period - Stopped by Joonas Korpisalo without a rebound.
13:03 of 2nd period - Aleksander Barkov wins face-off versus Nick Schmaltz in Vancouver Canucks zone.
13:03 of 2nd period - Aleksander Barkov is hit by Nick Schmaltz.
13:31 of 2nd period - Wrist shot by Anton Lundell.
13:31 of 2nd period - Shot Blocked by Nikita Zadorov.
13:33 of 2nd period - Snap shot by Anton Lundell.
13:33 of 2nd period - Stopped by Joey Daccord without a rebound.
13:34 of 2nd period - Ryan O'Reilly wins face-off versus Anton Lundell in Colorado Rockies zone.
13:34 of 2nd period - Ryan O'Reilly is hit by Artturi Lehkonen.
13:41 of 2nd period - Off-side.
13:42 of 2nd period - Casey Mittelstadt wins face-off versus Kyle Palmieri in neutral zone.
15:38 of 2nd period - Snap shot by Aleksander Barkov.
15:38 of 2nd period - Shot Misses the Net.
15:54 of 2nd period - Martin Fehervary is hit by Clayton Keller and loses puck.
16:14 of 2nd period - Snap shot by Anton Lundell.
16:14 of 2nd period - Goal by Anton Lundell - Colorado Rockies : 1 - Vancouver Canucks : 1.
16:15 of 2nd period - Ryan O'Reilly wins face-off versus Matias Maccelli in neutral zone.
16:26 of 2nd period - Slapshot by Aleksander Barkov.
16:26 of 2nd period - Shot Blocked by Vince Dunn.
16:28 of 2nd period - Wrist shot by Aleksander Barkov.
16:28 of 2nd period - Shot Misses the Net.
16:30 of 2nd period - Snap shot by Matias Maccelli.
16:30 of 2nd period - Stopped by Joey Daccord with a rebound.
16:45 of 2nd period - Slapshot by Martin Fehervary.
16:45 of 2nd period - Deflect By Kyle Connor.
16:45 of 2nd period - Shot Blocked by Justin Schultz.
16:45 of 2nd period - Puck is out of play.
16:46 of 2nd period - Casey Mittelstadt wins face-off versus David Pastrnak in Vancouver Canucks zone.
16:55 of 2nd period - Wrist shot by Mikko Rantanen.
16:55 of 2nd period - Shot Blocked by Martin Fehervary.
16:57 of 2nd period - Snap shot by Casey Mittelstadt.
16:57 of 2nd period - Shot Blocked by Nikita Zadorov.
16:59 of 2nd period - Snap shot by Casey Mittelstadt.
16:59 of 2nd period - Shot Misses the Net.
17:01 of 2nd period - Wrist shot by Mikko Rantanen.
17:01 of 2nd period - Stopped by Joey Daccord with a rebound.
17:43 of 2nd period - Slapshot by Miro Heiskanen.
17:43 of 2nd period - Stopped by Joey Daccord with a rebound.
17:50 of 2nd period - Minor Penalty to Vince Dunn for Tripping.
17:51 of 2nd period - Casey Mittelstadt wins face-off versus Nikita Kucherov in Colorado Rockies zone.
18:25 of 2nd period - Slapshot by Miro Heiskanen.
18:25 of 2nd period - Shot Hit the Post.
18:51 of 2nd period - Ryan O'Reilly is hit by Noah Hanifin.
19:07 of 2nd period - Taylor Raddysh is hit by Ryan O'Reilly and loses puck.
19:50 of 2nd period - Penalty to Vince Dunn is over, Vince Dunn is back on ice.
19:53 of 2nd period - Snap shot by Ryan O'Reilly.
19:53 of 2nd period - Shot Misses the Net.
Goals for this period are 1 for Colorado Rockies vs 1 for Vancouver Canucks.
Shots for this period are 9 for Colorado Rockies vs 14 for Vancouver Canucks.
3rd period
0:01 of 3rd period - Aleksander Barkov wins face-off versus David Pastrnak in neutral zone.
0:01 of 3rd period - Miro Heiskanen is hit by Nikita Zadorov and loses puck.
0:26 of 3rd period - Jesper Bratt is hit by Miro Heiskanen and loses puck.
0:59 of 3rd period - Snap shot by Anton Lundell.
0:59 of 3rd period - Stopped by Joey Daccord without a rebound.
1:00 of 3rd period - Aleksander Barkov wins face-off versus David Pastrnak in Colorado Rockies zone.
1:01 of 3rd period - Snap shot by Matias Maccelli.
1:01 of 3rd period - Deflect By Aleksander Barkov.
1:01 of 3rd period - Shot Misses the Net.
1:01 of 3rd period - Puck is out of play.
1:02 of 3rd period - Aleksander Barkov wins face-off versus David Pastrnak in Colorado Rockies zone.
1:27 of 3rd period - Mikko Rantanen is hit by Kyle Palmieri and loses puck.
1:52 of 3rd period - Snap shot by Nick Schmaltz.
1:52 of 3rd period - Shot Misses the Net.
2:10 of 3rd period - Wrist shot by Victor Hedman.
2:10 of 3rd period - Stopped by Joonas Korpisalo with a rebound.
2:12 of 3rd period - Slapshot by Quinn Hughes.
2:12 of 3rd period - Deflect By Emil Martinsen Lilleberg.
2:12 of 3rd period - Stopped by Joonas Korpisalo with a rebound.
2:14 of 3rd period - Slapshot by Victor Hedman.
2:14 of 3rd period - Shot Blocked by Jesperi Kotkaniemi.
2:16 of 3rd period - Snap shot by Evgeny Kuznetsov.
2:16 of 3rd period - Shot Blocked by Jesperi Kotkaniemi.
2:18 of 3rd period - Wrist shot by Kevin Hayes.
2:18 of 3rd period - Shot Misses the Net.
2:20 of 3rd period - Wrist shot by Evgeny Kuznetsov.
2:20 of 3rd period - Shot Blocked by Jacob Bernard-Docker.
2:52 of 3rd period - Snap shot by Ryan O'Reilly.
2:52 of 3rd period - Shot Misses the Net.
2:54 of 3rd period - Slapshot by Andrew Peeke.
2:54 of 3rd period - Deflect By Jesper Bratt.
2:54 of 3rd period - Stopped by Joonas Korpisalo with a rebound.
2:56 of 3rd period - Snap shot by Jesper Bratt.
2:56 of 3rd period - Shot Misses the Net.
2:58 of 3rd period - Backhand shot by Jesper Bratt.
2:58 of 3rd period - Shot Misses the Net.
3:00 of 3rd period - Slapshot by Vince Dunn.
3:00 of 3rd period - Stopped by Joonas Korpisalo without a rebound.
3:01 of 3rd period - Aleksander Barkov wins face-off versus Nick Schmaltz in Vancouver Canucks zone.
3:01 of 3rd period - Aleksander Barkov is hit by Michael Bunting.
3:10 of 3rd period - Off-side.
3:11 of 3rd period - Aleksander Barkov wins face-off versus Nick Schmaltz in neutral zone.
3:14 of 3rd period - Slapshot by Aleksander Barkov.
3:14 of 3rd period - Stopped by Joey Daccord with a rebound.
3:30 of 3rd period - Slapshot by Kasperi Kapanen.
3:30 of 3rd period - Shot Blocked by Michael Bunting.
3:32 of 3rd period - Snap shot by Matias Maccelli.
3:32 of 3rd period - Deflect By Aleksander Barkov.
3:32 of 3rd period - Shot Misses the Net.
3:32 of 3rd period - Puck is out of play.
3:33 of 3rd period - Anton Lundell wins face-off versus David Pastrnak in Colorado Rockies zone.
3:40 of 3rd period - Snap shot by Anton Lundell.
3:40 of 3rd period - Stopped by Joey Daccord with a rebound.
3:58 of 3rd period - Ryan O'Reilly is hit by Clayton Keller and loses puck.
4:21 of 3rd period - Snap shot by Nick Schmaltz.
4:21 of 3rd period - Stopped by Joonas Korpisalo with a rebound.
4:27 of 3rd period - Nick Schmaltz is hit by Aleksander Barkov.
4:45 of 3rd period - Wrist shot by Robby Fabbri.
4:45 of 3rd period - Shot Misses the Net.
4:47 of 3rd period - Slapshot by Robby Fabbri.
4:47 of 3rd period - Goal by Robby Fabbri - Colorado Rockies : 1 - Vancouver Canucks : 2.
4:48 of 3rd period - Casey Mittelstadt wins face-off versus David Pastrnak in neutral zone.
5:15 of 3rd period - Nikita Zadorov is hit by Artturi Lehkonen and loses puck.
5:22 of 3rd period - Snap shot by Artturi Lehkonen.
5:22 of 3rd period - Stopped by Joey Daccord with a rebound.
5:24 of 3rd period - Slapshot by Jake Bean.
5:24 of 3rd period - Stopped by Joey Daccord without a rebound.
5:25 of 3rd period - Aleksander Barkov wins face-off versus Nick Schmaltz in Colorado Rockies zone.
5:28 of 3rd period - Wrist shot by Aleksander Barkov.
5:28 of 3rd period - Stopped by Joey Daccord with a rebound.
5:30 of 3rd period - Slapshot by Jake Bean.
5:30 of 3rd period - Shot Hit the Post.
5:32 of 3rd period - Wrist shot by Justin Schultz.
5:32 of 3rd period - Stopped by Joey Daccord with a rebound.
5:34 of 3rd period - Slapshot by Jake Bean.
5:34 of 3rd period - Stopped by Joey Daccord with a rebound.
5:36 of 3rd period - Snap shot by Aleksander Barkov.
5:36 of 3rd period - Deflect By Kasperi Kapanen.
5:36 of 3rd period - Shot Misses the Net.
5:36 of 3rd period - Puck is out of play.
5:37 of 3rd period - Anton Lundell wins face-off versus Ryan O'Reilly in Colorado Rockies zone.
5:44 of 3rd period - Wrist shot by Artturi Lehkonen.
5:44 of 3rd period - Shot Misses the Net.
5:46 of 3rd period - Wrist shot by Artturi Lehkonen.
5:46 of 3rd period - Shot Blocked by Andrew Peeke.
5:48 of 3rd period - Wrist shot by Anton Lundell.
5:48 of 3rd period - Shot Blocked by Jesper Bratt.
6:53 of 3rd period - Anton Lundell is hit by Michael Bunting and loses puck.
8:20 of 3rd period - Jesper Bratt is hit by Kasperi Kapanen and loses puck.
8:43 of 3rd period - Snap shot by David Pastrnak.
8:43 of 3rd period - Stopped by Joonas Korpisalo with a rebound.
9:16 of 3rd period - Snap shot by Michael Bunting.
9:16 of 3rd period - Shot Blocked by Emil Martinsen Lilleberg.
9:44 of 3rd period - Minor Penalty to Jacob Bernard-Docker for Roughing.
9:45 of 3rd period - Nick Bonino wins face-off versus Aleksander Barkov in Vancouver Canucks zone.
10:19 of 3rd period - Wrist shot by Jesper Bratt.
10:19 of 3rd period - Goal by Jesper Bratt - Colorado Rockies : 2 - Vancouver Canucks : 2.
10:20 of 3rd period - Casey Mittelstadt wins face-off versus David Pastrnak in neutral zone.
10:33 of 3rd period - Slapshot by Clayton Keller.
10:33 of 3rd period - Shot Misses the Net.
10:47 of 3rd period - Miro Heiskanen is hit by Kyle Palmieri and loses puck.
11:20 of 3rd period - Nick Bonino is hit by Artturi Lehkonen and loses puck.
11:34 of 3rd period - Off-side.
11:35 of 3rd period - Kevin Hayes wins face-off versus Jesperi Kotkaniemi in neutral zone.
12:05 of 3rd period - Andrew Peeke is hit by Casey Mittelstadt and loses puck.
12:30 of 3rd period - Wrist shot by Jesper Bratt.
12:30 of 3rd period - Stopped by Joonas Korpisalo with a rebound.
13:02 of 3rd period - Victor Hedman is hit by Taylor Raddysh and loses puck.
13:39 of 3rd period - Slapshot by Nick Schmaltz.
13:39 of 3rd period - Shot Misses the Net.
13:41 of 3rd period - Slapshot by Quinn Hughes.
13:41 of 3rd period - Stopped by Joonas Korpisalo with a rebound.
13:46 of 3rd period - Icing by Artturi Lehkonen.
13:47 of 3rd period - Nikita Kucherov wins face-off versus Anton Lundell in Vancouver Canucks zone.
13:58 of 3rd period - Snap shot by Nikita Kucherov.
13:58 of 3rd period - Shot Blocked by Miro Heiskanen.
14:00 of 3rd period - Backhand shot by David Pastrnak.
14:00 of 3rd period - Shot Blocked by Miro Heiskanen.
14:12 of 3rd period - Snap shot by Artturi Lehkonen.
14:12 of 3rd period - Stopped by Joey Daccord with a rebound.
14:14 of 3rd period - Slapshot by Taylor Raddysh.
14:14 of 3rd period - Stopped by Joey Daccord with a rebound.
14:16 of 3rd period - Slapshot by Taylor Raddysh.
14:16 of 3rd period - Stopped by Joey Daccord with a rebound.
14:48 of 3rd period - Slapshot by Miro Heiskanen.
14:48 of 3rd period - Deflect By Taylor Raddysh.
14:48 of 3rd period - Stopped by Joey Daccord with a rebound.
14:50 of 3rd period - Snap shot by Miro Heiskanen.
14:50 of 3rd period - Shot Blocked by Nikita Zadorov.
14:52 of 3rd period - Slapshot by Noah Hanifin.
14:52 of 3rd period - Shot Blocked by Jesper Bratt.
14:54 of 3rd period - Slapshot by Noah Hanifin.
14:54 of 3rd period - Stopped by Joey Daccord with a rebound.
14:56 of 3rd period - Slapshot by Noah Hanifin.
14:56 of 3rd period - Stopped by Joey Daccord without a rebound.
14:57 of 3rd period - Casey Mittelstadt wins face-off versus David Pastrnak in Colorado Rockies zone.
15:02 of 3rd period - Slapshot by Clayton Keller.
15:02 of 3rd period - Stopped by Joey Daccord with a rebound.
15:14 of 3rd period - Snap shot by Mikko Rantanen.
15:14 of 3rd period - Shot Blocked by Andrew Peeke.
15:51 of 3rd period - Icing by Jake Bean.
15:52 of 3rd period - Nick Schmaltz wins face-off versus Aleksander Barkov in Vancouver Canucks zone.
16:04 of 3rd period - Minor Penalty to Nick Bonino for Cross-checking.
16:05 of 3rd period - Nikita Kucherov wins face-off versus Aleksander Barkov in Colorado Rockies zone.
16:43 of 3rd period - Snap shot by David Pastrnak.
16:43 of 3rd period - Shot Misses the Net.
17:03 of 3rd period - Nikita Zadorov is hit by Emil Martinsen Lilleberg and loses puck.
18:04 of 3rd period - Penalty to Nick Bonino is over, Nick Bonino is back on ice.
18:15 of 3rd period - Snap shot by Robby Fabbri.
18:15 of 3rd period - Stopped by Joey Daccord without a rebound.
18:16 of 3rd period - Evgeny Kuznetsov wins face-off versus Jesperi Kotkaniemi in Colorado Rockies zone.
19:10 of 3rd period - Snap shot by David Pastrnak.
19:10 of 3rd period - Stopped by Joonas Korpisalo with a rebound.
Goals for this period are 1 for Colorado Rockies vs 1 for Vancouver Canucks.
Shots for this period are 10 for Colorado Rockies vs 17 for Vancouver Canucks.
Overtime #1
0:01 of 1st overtime period - Casey Mittelstadt wins face-off versus Nikita Kucherov in neutral zone.
0:06 of 1st overtime period - David Pastrnak is hit by Miro Heiskanen and loses puck.
1:50 of 1st overtime period - Miro Heiskanen is hit by Nikita Zadorov and loses puck.
2:59 of 1st overtime period - Snap shot by Kevin Hayes.
2:59 of 1st overtime period - Shot Misses the Net.
3:01 of 1st overtime period - Slapshot by Andrew Peeke.
3:01 of 1st overtime period - Shot Blocked by Miro Heiskanen.
3:03 of 1st overtime period - Wrist shot by Kevin Hayes.
3:03 of 1st overtime period - Deflect By Kyle Connor.
3:03 of 1st overtime period - Shot Misses the Net.
3:03 of 1st overtime period - Puck is out of play.
3:04 of 1st overtime period - Kevin Hayes wins face-off versus Casey Mittelstadt in Vancouver Canucks zone.
3:19 of 1st overtime period - Kyle Connor is hit by Aleksander Barkov and loses puck.
3:26 of 1st overtime period - Snap shot by Vince Dunn.
3:26 of 1st overtime period - Stopped by Joonas Korpisalo without a rebound.
3:27 of 1st overtime period - Casey Mittelstadt wins face-off versus Nikita Kucherov in Vancouver Canucks zone.
3:41 of 1st overtime period - Slapshot by David Pastrnak.
3:41 of 1st overtime period - Stopped by Joonas Korpisalo with a rebound.
3:51 of 1st overtime period - Jake Bean is hit by Ryan O'Reilly.
Goals for this period are 0 for Colorado Rockies vs 0 for Vancouver Canucks.
Shots for this period are 2 for Colorado Rockies vs 0 for Vancouver Canucks.
ShootOut
5:00 of 1st overtime period - Round #1.
5:00 of 1st overtime period - Colorado Rockies, Nikita Kucherov.
5:00 of 1st overtime period - Backhand shot by Nikita Kucherov.
5:00 of 1st overtime period - Stopped by Joonas Korpisalo.
5:00 of 1st overtime period - Vancouver Canucks, Aleksander Barkov.
5:00 of 1st overtime period - Wrist shot by Aleksander Barkov.
5:00 of 1st overtime period - Shot Misses the Net.
5:00 of 1st overtime period - Round #2.
5:00 of 1st overtime period - Colorado Rockies, David Pastrnak.
5:00 of 1st overtime period - Snap shot by David Pastrnak.
5:00 of 1st overtime period - Stopped by Joonas Korpisalo.
5:00 of 1st overtime period - Vancouver Canucks, Mikko Rantanen.
5:00 of 1st overtime period - Backhand shot by Mikko Rantanen.
5:00 of 1st overtime period - Stopped by Joey Daccord.
5:00 of 1st overtime period - Round #3.
5:00 of 1st overtime period - Colorado Rockies, Nick Bonino.
5:00 of 1st overtime period - Deke by Nick Bonino.
5:00 of 1st overtime period - Goal by Nick Bonino.
5:00 of 1st overtime period - Vancouver Canucks, Clayton Keller.
5:00 of 1st overtime period - Deke by Clayton Keller.
5:00 of 1st overtime period - Shot Misses the Net.
Back to the Top